 Dungeon Crawl Stone Soup version 0.25-a0-597-gb30770a0c0 (webtiles) character file.

Game seed: 1104108481128130822, levelgen mode: deterministic

8488 CryoSword the Frost Mage (level 11, -5/83 HPs)
             Began as a Merfolk Ice Elementalist on Mar 15, 2020.
             Was an Elder of Qazlal.
             Slain by a vampire (11 damage)
             ... on level 10 of the Dungeon on Mar 16, 2020.
             The game lasted 01:04:46 (15359 turns).

CryoSword the Frost Mage (MfIE)                    Turns: 15359, Time: 01:04:47

Health: -5/83      AC:  9    Str: 11    XL:     11   Next: 31%
Magic:  6/20       EV: 16    Int: 16    God:    Qazlal [****..]
Gold:   416        SH:  5    Dex: 14    Spells: 7/22 levels left

rFire    + . .     SeeInvis .   a - +0 halberd
rCold    + . .     Gourm    .   (shield currently unavailable)
rNeg     . . .     Faith    .   I - +3 leather armour {rC+}
rPois    .         Spirit   .   o - +0 helmet
rElec    .         Reflect  .   (no cloak)
rCorr    .         Harm     .   k - +1 pair of gloves
MR       .....                  (no boots)
Stlth    +.........             (no amulet)
HPRegen  0.23/turn              G - ring of protection from fire
MPRegen  0.17/turn              (no ring)

@: frozen ramparts, repel missiles
A: change form in water, swift swim, stealthy swim
a: Upheaval, Elemental Force, Renounce Religion


You were on level 10 of the Dungeon.
You worshipped Qazlal.
Qazlal was greatly pleased with you.
You were not hungry.

You visited 2 branches of the dungeon, and saw 11 of its levels.
You also visited: Sewer.

You collected 416 gold pieces.

Inventory:

Hand Weapons
 a - a +0 halberd (weapon)
   (You took it off a gnoll on level 2 of the Dungeon)
Missiles
 s - 36 poisoned darts (quivered)
 u - 4 boomerangs
Armour
 k - a +1 pair of gloves (worn)
   (You found it on level 1 of the Dungeon)
 o - a +0 helmet (worn)
   (You found it on level 2 of the Dungeon)
 I - a +3 leather armour of cold resistance (worn)
   (You took it off Joseph on level 7 of the Dungeon)
Jewellery
 G - a ring of protection from fire (left hand)
   (You found it on level 6 of the Dungeon)
Wands
 t - a wand of acid (8)
   (You found it on level 4 of the Dungeon)
 J - a wand of enslavement (5)
   (You found it on level 9 of the Dungeon)
Scrolls
 j - a scroll of holy word {unknown}
 m - 3 scrolls of blinking
 n - 12 scrolls of identify {@r1}
 v - a scroll of enchant armour
 w - a scroll of summoning {unknown}
 y - a scroll of immolation {unknown}
 A - 2 scrolls of fog
 B - a scroll of fear {unknown}
 C - 3 scrolls of teleportation {@r4}
 D - 5 scrolls of magic mapping
 F - a scroll of random uselessness {unknown}
 H - a scroll of amnesia {unknown}
Potions
 b - 4 potions of might
 d - 4 potions of resistance
 e - 2 potions of brilliance
 f - a potion of cancellation {unknown}
 g - a potion of berserk rage {unknown}
 h - 4 potions of flight {unknown}
 i - a potion of degeneration {unknown}
 l - 2 potions of mutation {unknown}
 p - 4 potions of magic
 q - 7 potions of curing {@q1}
 x - 4 potions of lignification {unknown}
 z - a potion of heal wounds {@q2}
 E - 4 potions of haste {unknown}
 K - a potion of stabbing {unknown}
 L - a potion of invisibility {unknown}
Comestibles
 c - 15 rations {!d}
 r - 6 chunks of flesh


   Skills:
 + Level 6.4 Fighting
 + Level 9.0 Polearms
 + Level 1.2 Armour
 + Level 8.5 Dodging
 - Level 2.4 Stealth
 + Level 6.2 Spellcasting
 - Level 4.0 Charms
 - Level 6.0 Summonings
 * Level 10.9 Ice Magic


You had 7 spell levels left.
You knew the following spells:

 Your Spells              Type           Power        Failure   Level  Hunger
a - Freeze                Ice            ####         1%          1    None
b - Frozen Ramparts       Ice            #####.       1%          3    ##.....
c - Ozocubu's Armour      Chrm/Ice       ####....     2%          3    ##.....
d - Summon Ice Beast      Ice/Summ       ####....     5%          4    ####...
e - Hailstorm             Conj/Ice       ###.....     19%         4    ####...

Your spell library contained the following spells:

 Spells                   Type           Power        Failure   Level  Hunger
 Summon Small Mammal      Summ           ###.         1%          1    None
 Call Imp                 Summ           ###.....     2%          2    None
 Animate Skeleton         Necr           N/A          19%         1    None
 Apportation              Tloc           #.....       19%         1    None
 Corona                   Hex            #......      19%         1    None
 Magic Dart               Conj           #...         19%         1    None
 Pain                     Necr           #...         19%         1    None
 Blink                    Tloc           N/A          26%         2    None
 Searing Ray              Conj           #.....       26%         2    None
 Slow                     Hex            #.......     26%         2    None
 Metabolic Englaciation   Hex/Ice        ###.......   45%         5    #####..
 Confusing Touch          Hex            #.......     47%         3    ##.....
 Conjure Flame            Conj/Fire      #.......     47%         3    ##.....
 Dazzling Flash           Conj/Hex       #.....       47%         3    ##.....
 Gell's Gravitas          Tloc           #.........   47%         3    ##.....
 Mephitic Cloud           Conj/Pois/Air  #.......     47%         3    ##.....
 Vampiric Draining        Necr           #.........   47%         3    ##.....
 Animate Dead             Necr           N/A          87%         4    ####...
 Fulminant Prism          Conj/Hex       #.........   87%         4    ####...
 Iskenderun's Mystic Bla  Conj/Tloc      #.......     87%         4    ####...
 Petrify                  Tmut/Erth      #.......     87%         4    ####...
 Agony                    Necr           #.......     99%         5    #####..
 Yara's Violent Unravell  Hex/Tmut       #.........   99%         5    #####..


Dungeon Overview and Level Annotations

Branches:
Dungeon (10/15)            Temple (1/1) D:5            Lair (0/6) D:8
  Sewer (visited)
    Orc: D:9-12

Altars:
Ashenzari
Cheibriados
Dithmenos
Fedhas
Gozag
Hepliaklqana
Kikubaaqudgha
Makhleb
Nemelex Xobeh
Okawaru
Qazlal
Ru
Sif Muna
Trog
Uskayaw
Wu Jian
Xom
Yredelemnul
Zin

Annotations:
D:6 2 transporters


Message History

Qazlal accepts your kill.
Items here: ( )) ÷ † a +0 dagger; a stone; a +0 hand axe; a big kobold corpse; an orc skeleton An orc comes into view.
It is wielding a +0 trident.
The orc shouts!
An orc comes into view.
Things that are here:
a +0 short sword; a +0 scale mail; an orc corpse
Items here: ( )) ††† You swap places.
Items here: ( )) ÷ † a +0 dagger; a stone; a +0 hand axe; a big kobold corpse; an orc skeleton Your ice beast is engulfed in blazing flames.
Attack whom?
Press: ? - help, Dir - move target cursor, f - orc
Aim: an orc, wielding a +0 trident You could not reach far enough!
The wall releases a blast of icicles at the orc!
The orc is encased in ice.
The orc hits you from afar with a +0 trident.
Your ice beast misses the orc.
Attack whom?
Press: ? - help, Dir - move target cursor, f/p - orc
Aim: an orc, wielding a +0 trident (heavily wounded, encased in ice)
You could not reach far enough!
Your ice beast hits the orc.
Your ice beast freezes the orc!
The orc dies!
Qazlal accepts your kill.
Your ice beast is engulfed in blazing flames.
You kill your ice beast!
Attack whom?
Press: ? - help, Dir - move target cursor, f - orc
Aim: an orc You reach to attack!
You slash the orc!
You kill the orc!
Qazlal accepts your kill.
You swap places.
An orc wizard comes into view. It is wielding a +0 dagger.
Items here: ( )) †††
Items here: ) [ †† a +0 trident; a +0 ring mail; an orc corpse x2
You butcher the orc corpse.
Items here: % ) [ ÷ † a +0 trident; a +0 ring mail; 3 chunks of flesh; an orc skeleton; an orc corpse
r - 4 chunks of flesh (gained 3)
The frozen ramparts melt away.
Items here: ( )) †††
s - 36 poisoned darts (gained 4)
Items here: ( )) ÷ † a +0 dagger; a stone; a +0 hand axe; a big kobold corpse; an orc skeleton
Casting: Frozen Ramparts (safe; 1% risk of failure)
Confirm with . or Enter, or press ? or * to list all spells.
The walls around you are covered in icicles.
Your ice beast disappears in a puff of smoke!
The orc wizard is engulfed in freezing vapours.
The wall releases a blast of icicles at the orc wizard!
You kill the orc wizard!
Qazlal accepts your kill.
You start resting.
The frozen ramparts melt away.
You start resting.
Eating one of 4 chunks of flesh.
You eat one of the 4 chunks of flesh.
This raw flesh tastes terrible.
HP restored.
You start resting.
Magic restored.
You butcher the orc corpse.
r - 6 chunks of flesh (gained 3)
Things that are here:
a +0 short sword; a +0 scale mail; an orc skeleton
Things that are here:
a +0 short sword; a +0 scale mail; an orc skeleton
Things that are here:
a +0 leather armour; a +0 club; a jackal skeleton You see here 2 stones.
A vampire comes into view.
Things that are here:
a kobold corpse; a jackal skeleton A vampire is nearby!
A vampire is nearby!
A vampire is nearby!
The vampire gestures wildly while chanting.
The vampire flickers and vanishes!
Deactivating autopickup; reactivate with Ctrl-A.
Casting: Frozen Ramparts (safe; 1% risk of failure)
Confirm with . or Enter, or press ? or * to list all spells.
A chill wind blows around you.
Something tries to affect you, but you resist.
Casting: Summon Ice Beast (safe; 5% risk of failure)
Confirm with . or Enter, or press ? or * to list all spells.
A chill wind blows around you.
Casting: Summon Ice Beast (safe; 5% risk of failure)
Confirm with . or Enter, or press ? or * to list all spells.
A chill wind blows around you.
Casting: Summon Ice Beast (safe; 5% risk of failure)
Confirm with . or Enter, or press ? or * to list all spells.
The walls around you are covered in icicles.
You block something's attack. Something barely misses you.
Your ice beast hits something.
Your ice beast freezes something.
Your ice beast closely misses something.
Something hits you! Something bites you.
Something draws strength from your injuries!
Your ice beast hits something but does no damage.
You closely miss something. Something hits you but does no damage.
Something bites you!
Something draws strength from your injuries!
Your ice beast barely misses something.
Casting: Frozen Ramparts (safe; 1% risk of failure)
Confirm with . or Enter, or press ? or * to list all spells.
Aiming: Freeze (safe; 1% risk of failure)
Press: ? - help, Shift-Dir - straight line You freeze something.
Something hits you but does no damage. Something bites you but does no damage.
Your ice beast hits something but does no damage.
Your ice beast barely misses something.
Casting: Freeze (safe; 1% risk of failure)
Confirm with . or Enter, or press ? or * to list all spells.
Aiming: Freeze (safe; 1% risk of failure)
Press: ? - help, Shift-Dir - straight line, f - you
Okay, then.
You closely miss something. Something hits you. Something bites you.
Something draws strength from your injuries!
Your ice beast closely misses something.
Your ice beast hits something but does no damage.
You barely miss something. Something barely misses you.
Something bites you but does no damage.
Your ice beast barely misses something.
Your ice beast hits something but does no damage.
Something hits you but does no damage. Something bites you.
Something draws strength from your injuries!
You hit something.
Your ice beast barely misses something.
Your ice beast closely misses something.
Something hits you!
* * * LOW HITPOINT WARNING * * *
Something bites you!
* * * LOW HITPOINT WARNING * * *
Something draws strength from your injuries!
You swap places.
Something hits you.
* * * LOW HITPOINT WARNING * * *
Something barely misses you.
You swap places.
Your ice beast hits something but does no damage.
Something barely misses you. Something bites you.
* * * LOW HITPOINT WARNING * * *
Something draws strength from your injuries!
There is a stone staircase leading up, spattered with blood here.
Your ice beast completely misses something.
Something hits you!
* * * LOW HITPOINT WARNING * * *
Something bites you!
You die...

#. #. #.## #. #..##
###.##...##########
........?..........
.../....○..(..... .
#.....○....#
...##.!..[..@{(#
..?....)))(.YYY#
.......##)†○(###
.......##[..##
.......(?..)#
.......))......[
........##.(.#.#
........ #..## #
........ ...#


You could see 3 friendly ice beasts.

Vanquished Creatures
  A centaur zombie (D:10)
  Joseph (D:7)
  Psyche (D:7)
  A troll (D:8)
  A hornet (D:7)
  Sigmund (D:2)
  The ghost of metalgraveraven the Slasher, an amateur GnBe of Trog (D:5)
  3 yaks (D:9)
  A human (D:10)
  A hungry ghost (D:8)
  Menkaure (D:4)
  A warg (D:10)
  Duvessa (D:4)
  2 orc warriors
  A slave (D:9)
  2 sky beasts
  3 phantoms
  An ogre (D:5)
  3 wolves (D:8)
  A centaur (D:5)
  A crocodile (D:9)
  2 big kobolds
  6 bullfrogs
  Dowan (D:4)
  8 killer bees
  3 wights
  4 electric eels (D:8)
  2 howler monkeys
  4 crimson imps
  A bullfrog zombie (D:10)
  2 quasits
  12 orc priests
  A gnoll shaman (D:9)
  A jelly (D:7)
  5 hounds
  12 orc wizards
  2 centaur skeletons
  Terence (D:2)
  3 iguanas
  2 worker ants (D:5)
  A hound zombie (D:8)
  A hound skeleton (D:4)
  A worker ant zombie (D:7)
  Robin (D:2)
  6 gnolls
  14 adders
  4 river rats (Sewer)
  A shadow imp (D:5)
  An ooze (Sewer)
  5 worms
  A dart slug (D:1)
  3 leopard geckos
  42 orcs
  3 giant cockroaches
  13 hobgoblins
  16 jackals
  6 quokkas
  13 ball pythons
  A ball python skeleton (D:5)
  12 bats
  4 frilled lizards
  16 goblins
  A jackal skeleton (D:4)
  19 kobolds
  A leopard gecko skeleton (D:8)
  26 rats
  A spectral orc (D:3)
  A plant (D:7)
315 creatures vanquished.

Vanquished Creatures (collateral kills)
  Pikel (D:9)
  An oklob plant (D:7)
  Maggie (D:8)
  3 yaks (D:9)
  2 orc warriors
  A phantom (D:9)
  An ogre (D:9)
  A wolf (D:8)
  A big kobold (D:10)
  A wyvern skeleton (D:8)
  A scorpion (D:10)
  A killer bee (D:9)
  A hound (D:9)
  2 orc priests
  2 orc wizards
  2 gnolls (D:9)
  A shadow imp (D:8)
  6 orcs
  3 jackals (D:10)
  3 kobolds
  A plant (D:7)
36 creatures vanquished.

Grand Total: 351 creatures vanquished

Notes
Turn   | Place    | Note
-------+----------+-------------------------------------------
     0 | D:1      | CryoSword the Merfolk Ice Elementalist began the quest for
                  | the Orb.
     0 | D:1      | Reached XP level 1. HP: 13/13 MP: 3/3
    96 | D:1      | Reached XP level 2. HP: 19/19 MP: 0/5
  1022 | D:1      | Reached skill level 1 in Polearms
  1022 | D:1      | Reached XP level 3. HP: 23/24 MP: 2/6
  1313 | D:1      | Learned a level 3 spell: Frozen Ramparts
  1639 | D:2      | Found a faded altar of an unknown god.
  2001 | D:2      | Reached skill level 5 in Ice Magic
  2023 | D:2      | Reached XP level 4. HP: 29/30 MP: 2/7
  2122 | D:2      | Noticed Terence
  2128 | D:2      | Killed Terence
  2284 | D:2      | Noticed Robin
  2303 | D:2      | Killed Robin
  2447 | D:2      | Reached XP level 5. HP: 35/35 MP: 5/9
  2557 | D:2      | Learned a level 3 spell: Ozocubu's Armour
  3168 | D:2      | Noticed Sigmund
  3221 | D:2      | Killed Sigmund
  3221 | D:2      | Reached skill level 1 in Fighting
  3221 | D:2      | Reached XP level 6. HP: 28/43 MP: 2/10
  3656 | D:3      | Reached skill level 6 in Ice Magic
  3925 | D:3      | Found a basalt altar of Yredelemnul.
  4317 | D:4      | Reached XP level 7. HP: 48/48 MP: 7/11
  4462 | D:4      | Found a bloodstained altar of Trog.
  4540 | D:4      | You fall into a shaft and drop 1 floor!
  4540 | D:5      | Entered Level 5 of the Dungeon
  4587 | D:5      | Found a glowing drain.
  4610 | Sewer    | Entered a sewer
  5266 | D:5      | Found a shadowy altar of Dithmenos.
  5268 | D:5      | Found a shattered altar of Ashenzari.
  5268 | D:5      | Found an opulent altar of Gozag.
  5352 | D:5      | Noticed Menkaure
  5576 | D:4      | Reached skill level 5 in Dodging
  5606 | D:4      | Reached XP level 8. HP: 53/57 MP: 13/13
  5617 | D:4      | Learned a level 4 spell: Summon Ice Beast
  5663 | D:4      | Found a shimmering altar of Xom.
  5729 | D:4      | Noticed Dowan
  5822 | D:4      | Noticed Duvessa
  5845 | D:4      | Killed Dowan
  5915 | D:4      | Killed Duvessa
  5915 | D:4      | Reached skill level 1 in Summonings
  5915 | D:4      | Reached skill level 7 in Ice Magic
  6226 | D:4      | Killed Menkaure
  6263 | D:5      | Noticed metalgraveraven's ghost (amateur GnBe)
  6829 | D:5      | Reached skill level 5 in Polearms
  6852 | D:5      | Found a runed translucent door.
  7475 | D:5      | Identified the +7 war axe of the Orcish Mines {pain, Str+4}
  7620 | D:5      | Found a staircase to the Ecumenical Temple.
  7627 | Temple   | Entered the Ecumenical Temple
  7691 | Temple   | Became a worshipper of Qazlal Stormbringer
  7839 | D:5      | Killed metalgraveraven's ghost
  7839 | D:5      | Reached XP level 9. HP: 35/64 MP: 5/15
  8124 | D:6      | Reached skill level 8 in Ice Magic
  8130 | D:6      | Learned a level 4 spell: Hailstorm
  8462 | D:6      | Found a transporter.
  8499 | D:6      | Found a transporter.
  9168 | D:7      | Noticed a hornet
  9282 | D:7      | Killed a hornet
  9282 | D:7      | Reached * piety under Qazlal
  9402 | D:7      | Noticed Joseph
  9854 | D:7      | Found a blossoming altar of Fedhas.
 10685 | D:7      | Killed Joseph
 10685 | D:7      | Reached skill level 5 in Spellcasting
 10685 | D:7      | Reached skill level 5 in Summonings
 10685 | D:7      | Reached skill level 9 in Ice Magic
 10685 | D:7      | Reached XP level 10. HP: 65/73 MP: 0/17
 10883 | D:7      | Noticed an oklob plant
 11011 | D:7      | Killed an oklob plant
 11083 | D:8      | Found a staircase to the Lair.
 11523 | D:8      | Noticed Psyche
 11748 | D:8      | Reached ** piety under Qazlal
 12092 | D:8      | Reached skill level 5 in Fighting
 12434 | D:7      | Paralysed by Psyche for 6 turns
 12437 | D:7      | Killed Psyche
 12818 | D:8      | Noticed Maggie
 12832 | D:8      | Killed Maggie
 13870 | D:9      | Reached skill level 10 in Ice Magic
 14264 | D:9      | Reached XP level 11. HP: 79/81 MP: 5/19
 14391 | D:9      | Noticed Pikel
 14401 | D:9      | Killed Pikel
 14623 | D:9      | Reached *** piety under Qazlal
 14933 | D:10     | Entered Level 10 of the Dungeon
 14954 | D:10     | Reached skill level 1 in Armour
 15245 | D:10     | Reached **** piety under Qazlal
 15359 | D:10     | Slain by a vampire

Levels and vault maps discovered:
D:1:      dpeg_arrival_lava_altar, layout_basic, serial_forest,
          infiniplex_forest_lined_corner, infiniplex_forest_corner_1,
          infiniplex_forest_side_room, infiniplex_forest_end_2,
          infiniplex_forest_zigzag_1, infiniplex_forest_end_3,
          infiniplex_forest_corner_1
D:2:      layout_basic, chequers_ecumenical_altar_island, uniq_robin,
          uniq_sigmund, uniq_terence
D:3:      layout_rooms, yredelemnul_forgotten_temple_becter
D:4:      layout_basic, lemuel_doored_altar, marbit_many_paths,
          guppyfry_early_lair_pool, uniq_duvessa
D:5:      minmay_angry_zag, layout_cave_pods,
          chequers_temple_overflow_statue_of_worship,
          minmay_temple_entry_proselytizer, hellmonk_ghost_happy_afterlife,
          cheibrodos_sewer_entry_sluice, first_ration, uniq_menkaure
D:6:      gammafunk_cloud_chamber, layout_basic
D:7:      layout_cave_pools, tgw_fedhas, uniq_joseph
D:8:      layout_gridville, erik_lair_island, uniq_maggie, uniq_psyche
D:9:      layout_roguey, uniq_pikel
D:10:     layout_basic, erik_orc_4
Temple:   eino_temple_rhombus

Skill      XL: |  1  2  3  4  5  6  7  8  9 10 11 |
---------------+----------------------------------+-----
Dodging        | 3 4 5 6 8 |  8.5
Polearms       | 1 2 3 4 5 6 8 9 |  9.0
Ice Magic      | 5 6 7 9 10 | 10.9
Fighting       | 1 2 3 4 6 |  6.4
Spellcasting   | 3 4 5 6 |  6.2
Charms         | 2 3 4 |  4.0
Summonings     | 3 5 6 |  6.0
Armour         | 1 |  1.2
Stealth        | |  2.4

Action                   |  1- 3 |  4- 6 |  7- 9 | 10-12 || total
-------------------------+-------+-------+-------+-------++-------
Melee: Spear             |    49 |    67 |       |       ||   116
       Unarmed           |     1 |       |       |       ||     1
       Halberd           |       |    15 |   281 |   164 ||   460
       Tailslap          |       |       |     2 |       ||     2
Throw: Stone             |       |    11 |     4 |       ||    15
       Dart              |       |       |    11 |    26 ||    37
 Cast: Freeze            |    43 |    21 |    44 |    19 ||   127
       Frozen Ramparts   |     4 |    21 |    69 |    43 ||   137
       Ozocubu's Armour  |       |       |     3 |     6 ||     9
       Summon Ice Beast  |       |       |     6 |    38 ||    44
  Use: Scroll            |       |     6 |     8 |       ||    14
 Stab: Sleeping          |     5 |     3 |     6 |       ||    14
       Distracted        |     2 |     1 |       |     1 ||     4
  Eat: Chunk             |     4 |    10 |    22 |    17 ||    53
       Ration            |       |       |     2 |     2 ||     4
Armor: Robe              |    16 |     2 |     2 |     3 ||    23
       Animal skin       |       |    12 |    56 |       ||    68
       Leather armour    |       |       |       |    65 ||    65
Dodge: Dodged            |    57 |    56 |   257 |   190 ||   560
Block: Other             |       |       |     5 |    29 ||    34

Table legend:
 A = Non-vault XP
 B = Vault XP
 C = Vault XP percentage of total XP
 D = Non-vault monster count
 E = Vault monster count
 F = Vault count percentage of total count
                 A         B        C        D         E       F
            +---------+---------+-------+---------+---------+-------
      Total |    7407 |    4719 |  38.9 |     242 |     106 |  30.5
            +---------+---------+-------+---------+---------+-------
        D:1 |      37 |       0 |   0.0 |      21 |       0 |   0.0
        D:2 |     141 |     284 |  66.8 |      34 |      14 |  29.2
        D:3 |      22 |       1 |   4.3 |      11 |       1 |   8.3
        D:4 |     608 |     460 |  43.1 |      32 |       7 |  17.9
        D:5 |     369 |     291 |  44.1 |       8 |       8 |  50.0
        D:6 |     985 |       0 |   0.0 |      16 |       0 |   0.0
        D:7 |     849 |    1160 |  57.7 |      24 |       4 |  14.3
        D:8 |    1393 |    1120 |  44.6 |      42 |       7 |  14.3
        D:9 |    2136 |     658 |  23.6 |      29 |       2 |   6.5
       D:10 |     867 |     403 |  31.7 |      25 |      15 |  37.5
      Sewer |       0 |     342 | 100.0 |       0 |      48 | 100.0
            +---------+---------+-------+---------+---------+-------
